 Dungeon Crawl Stone Soup version 0.19.0-2-gae57169 (webtiles) character file.

45763 Leybi the Severer (level 14, -4/133 HPs)
             Began as a Minotaur Fighter on Nov 5, 2016.
             Was a High Priest of Okawaru.
             Slain by a harpy (13 damage)
             ... summoned by Kirke
             ... on level 13 of the Dungeon on Nov 6, 2016.
             The game lasted 02:03:36 (26894 turns).

Leybi the Severer (Minotaur Fighter)               Turns: 26894, Time: 02:03:37

Health: -4/133     AC:  0    Str: 25    XL:     14   Next: 2%
Magic:  0/13       EV: 13    Int:  5    God:    Okawaru [*****.]
Gold:   766        SH:  0    Dex: 11    Spells: 0 memorised, 13 levels left

rFire  . . .     SeeInvis .     (weapon currently unavailable)
rCold  . . .     Gourm    .     (armour currently unavailable)
rNeg   . . .     Faith    .     (shield currently unavailable)
rPois  .         Spirit   +     (helmet currently unavailable)
rElec  .         Reflect  .     (cloak currently unavailable)
rCorr  .         Harm     .     (gloves currently unavailable)
MR     +....                    (boots currently unavailable)
Stlth  +.........               o - amulet of guardian spirit
                                (ring currently unavailable)
                                (ring currently unavailable)

@: pig-form, very slightly contaminated, hasted and slowed, very quick
A: (retaliatory headbutt), (horns 0)
a: Heroism, Finesse, Renounce Religion


You were on level 13 of the Dungeon.
You worshipped Okawaru.
Okawaru was extremely pleased with you.
You were not hungry.
You were a filthy swine.
You visited 4 branches of the dungeon, and saw 21 of its levels.
You also visited: Sewer and Ossuary.

You collected 2380 gold pieces.
You spent 1614 gold pieces at shops.

Inventory:

Hand Weapons
 d - a +5 battleaxe of chopping (melded)
Armour
 a - +5 gold dragon scales (melded)
 b - the +1 pair of gloves of Quawaa (melded) {rElec rN++ rCorr}
   (You bought it in a shop on level 2 of the Orcish Mines)

   It insulates you from electricity.
   It greatly protects you from negative energy.
   It protects you from acid and corrosion.
 e - a +2 hat of see invisible (melded)
 C - a +0 cloak (melded)
 F - a +2 pair of boots of stealth (melded)
Rods
 K - a +0 iron rod (14/14)
   (You found it on level 4 of the Lair of Beasts)
Jewellery
 c - a ring of protection from fire (melded)
 o - an amulet of guardian spirit (around neck)
 u - an uncursed amulet of harm
 H - a ring of protection from magic (melded)
 O - an uncursed amulet of rage
 Q - an uncursed ring of see invisible
 W - an uncursed ring of resist corrosion
Wands
 s - a wand of digging (16/24)
 t - a wand of hasting (5/9)
 I - a wand of random effects (20/48)
 M - a wand of paralysis (13/24)
 N - a wand of paralysis (7/24)
Scrolls
 f - a scroll of amnesia
 l - 7 scrolls of recharging
 m - 12 scrolls of remove curse
 v - a scroll of fog
 y - 9 scrolls of teleportation
 E - 3 scrolls of magic mapping
 J - 3 scrolls of identify
 R - 3 scrolls of immolation {unknown}
 S - a scroll of blinking
 T - a scroll of enchant armour
Potions
 j - a potion of resistance
 n - a potion of ambrosia
 r - 2 potions of invisibility {unknown}
 w - 3 potions of brilliance
 x - 4 potions of cancellation
 z - 3 potions of flight
 B - 3 potions of curing
 D - a potion of magic
 G - a potion of might
 L - a potion of haste
 P - 6 potions of agility
 Y - 2 potions of berserk rage
Books
 h - a book of Callings

   Spells                             Type                      Level
   a - Summon Small Mammal            Summoning                    1
   b - Call Imp                       Summoning                    2
   c - Call Canine Familiar           Summoning                    3
   d - Summon Guardian Golem          Hexes/Summoning              3
   e - Summon Lightning Spire         Summoning/Air                4
   f - Summon Ice Beast               Ice/Summoning                4
Comestibles
 g - 5 royal jellies
 k - 53 fruits
 p - 4 bread rations
 q - a chunk of flesh
 A - 10 meat rations


   Skills:
 + Level 14.9 Fighting
 * Level 18.6 Axes
 + Level 14.9 Armour
 - Level 0.9 Dodging
   Level 4.6 Shields


You had 13 spell levels left.
You didn't know any spells.

Dungeon Overview and Level Annotations

Branches:
Dungeon (13/15)            Temple (1/1) D:4            Lair (5/6) D:11
  Swamp (0/4) Lair:4       Spider (0/4) Lair:3        Slime (0/5) Lair:5
    Orc (2/2) D:9             Elf (0/3) Orc:2
 Vaults: D:13-14

Altars:
Ashenzari
Cheibriados
Dithmenos
Elyvilon
Fedhas
Gozag
Hepliaklqana
Kikubaaqudgha
Makhleb
Nemelex Xobeh
Okawaru
Qazlal
Ru
Sif Muna
Trog
Uskayaw
Vehumet
Xom
Yredelemnul
Zin
The Shining One
Beogh
Jiyva

Shops:
D:7 *   Orc:1 *   Orc:2 [**(

Annotations:
D:5 exclusion: statue
D:13 Kirke


Innate Abilities, Weirdness & Mutations

((You reflexively headbutt those who attack you in melee.))
((You have a pair of horns on your head.))


Message History

You see here an arrow.
You feel much better.
The harpy screeches!
The harpy claws you!
* * * LOW HITPOINT WARNING * * *
The harpy claws you!
* * * LOW HITPOINT WARNING * * *
The harpy closely misses you. x2
Things that are here:
2 arrows; a fan of gales The harpy screeches!
The harpy claws you.
* * * LOW HITPOINT WARNING * * *
The harpy claws you.
* * * LOW HITPOINT WARNING * * *
You see here 4 arrows.
The harpy screeches!
You see here an arrow.
The harpy claws you!
You die...

#..#
###.###.#H###
##.##
#c..(.#H..#
#..#
#########†#
#.## .. #@..#
#.# #.#H###
#.# #.....#
#.#
#######'##
#.# #.HH((@.#
##.####
##h#######
#.....#
#....#
#.###.#
#))..#
#.#<..#
#(...#
###.###
#((..#
#.#...#
#((..#
#.#.#.#
#(...#
#.#.#.#
#(...#
#.###.#
###(...#


You could see Kirke and 2 harpies.

Vanquished Creatures
  The ghost of Zorot the Pandemonic, a journeyman DsGl of Makhleb (Lair:4)
  A hydra (Lair:2)
  The ghost of skk the Basher, a novice TrBe of Trog (D:8)
  A catoblepas (Lair:5)
  2 centaur warriors (D:13)
  A tengu warrior (D:11)
  An orc high priest (Orc:2)
  4 hill giants
  3 ugly things (D:11)
  5 orc sorcerers
  A cyclops (D:13)
  A manticore (D:12)
  3 rime drakes
  4 komodo dragons
  5 spiny frogs
  5 trolls
  A two-headed ogre (Orc:1)
  A tyrant leech (Lair:4)
  15 blink frogs
  7 hippogriffs
  2 shadows
  A water elemental (D:11)
  2 wraiths
  2 hogs (D:13)
  A wyvern (D:11)
  35 yaks
  A hill giant zombie (D:9)
  3 basilisks (Lair:5)
  A hungry ghost (D:9)
  A steam dragon (Lair:4)
  5 wargs
  9 water moccasins
  6 porcupines
  37 orc warriors
  2 black bears
  3 phantoms
  7 sky beasts
  9 ice beasts (D:12)
  2 eyes of draining
  18 wolves
  4 centaurs
  8 ogres
  9 crocodiles
  2 big kobolds
  3 elf zombies (Ossuary)
  13 bullfrogs
  5 scorpions
  A water moccasin skeleton (D:7)
  10 killer bees
  4 wights (D:10)
  4 electric eels (D:11)
  9 crimson imps
  3 bullfrog zombies
  3 centaur zombies
  7 jellies
  8 hounds
  4 centaur skeletons
  29 orc priests
  5 bullfrog skeletons
  5 iguanas
  2 hell rats (Lair:3)
  39 orc wizards
  17 worker ants
  A big kobold zombie (Ossuary)
  5 ogre zombies (D:9)
  3 hound zombies
  A hound skeleton (D:8)
  3 mummies (Ossuary)
  A worker ant zombie (D:6)
  18 adders
  14 gnolls
  A howler monkey skeleton (D:6)
  6 river rats (Lair:3)
  5 shadow imps
  An ooze (D:2)
  5 adder zombies
  3 adder skeletons
  6 worms
  2 dart slugs
  7 leopard geckos
  102 orcs
  8 ball pythons
  14 bats
  7 giant cockroaches
  A gnoll zombie (Ossuary)
  10 goblins
  8 hobgoblins
  13 jackals
  17 kobolds
  5 quokkas
  12 frilled lizards
  A goblin skeleton (D:9)
  6 goblin zombies
  3 hobgoblin zombies
  3 jackal zombies (Ossuary)
  4 kobold zombies (Ossuary)
  2 leopard gecko skeletons
  An orc skeleton (D:9)
  16 orc zombies
  A quokka skeleton (D:9)
  3 quokka zombies (Ossuary)
  8 rats
  7 rat zombies (Ossuary)
  A fungus (Lair:1)
  6 plants
745 creatures vanquished.

Vanquished Creatures (others)
  An orc wizard (Orc:2)
  A howler monkey zombie (D:6)
  A fungus (Lair:2)
3 creatures vanquished.

Grand Total: 748 creatures vanquished

Notes
Turn   | Place    | Note
-------+----------+-------------------------------------------
     0 | D:1      | Leybi the Minotaur Fighter began the quest for the Orb.
     0 | D:1      | Reached XP level 1. HP: 19/19 MP: 0/0
   299 | D:1      | Reached XP level 2. HP: 26/27 MP: 1/1
  1069 | D:2      | Reached XP level 3. HP: 32/33 MP: 2/2
  1278 | D:2      | Reached skill level 3 in Axes
  1433 | D:2      | Found a faded altar of an unknown god.
  1461 | D:2      | Reached XP level 4. HP: 40/41 MP: 3/3
  1833 | D:3      | Found a shattered altar of Ashenzari.
  2181 | D:3      | Reached XP level 5. HP: 41/47 MP: 4/4
  2278 | D:3      | Found a sacrificial altar of Ru.
  2278 | D:3      | Found a deep blue altar of Sif Muna.
  2412 | D:3      | Reached skill level 4 in Axes
  2562 | D:4      | Noticed an ogre
  2568 | D:4      | Killed an ogre
  2568 | D:4      | Reached skill level 5 in Fighting
  2568 | D:4      | Reached skill level 5 in Armour
  2568 | D:4      | Reached XP level 6. HP: 42/56 MP: 5/5
  2723 | D:4      | Reached skill level 5 in Axes
  2745 | D:4      | Found a staircase to the Ecumenical Temple.
  2754 | Temple   | Entered the Ecumenical Temple
  3074 | D:4      | Found a sparkling altar of Nemelex Xobeh.
  3283 | D:5      | Entered Level 5 of the Dungeon
  3396 | D:5      | Reached XP level 7. HP: 54/62 MP: 6/6
  3416 | D:5      | Found a radiant altar of Vehumet.
  3649 | D:5      | Found a glowing drain.
  3676 | Sewer    | Entered a sewer
  3718 | Sewer    | Reached skill level 6 in Axes
  5239 | D:6      | Reached XP level 8. HP: 24/71 MP: 7/7
  5496 | D:6      | Reached skill level 7 in Axes
  6306 | D:7      | Found an opulent altar of Gozag.
  6308 | D:7      | Found Gozag's Platinum Reserve.
  6469 | D:7      | Found a sand-covered staircase.
  6483 | Ossuary  | Entered an ossuary
  6519 | Ossuary  | Reached skill level 8 in Axes
  6782 | D:7      | Noticed a hippogriff
  6797 | D:7      | Killed a hippogriff
  6797 | D:7      | Reached XP level 9. HP: 66/82 MP: 8/8
  7082 | D:7      | Reached skill level 9 in Axes
  7722 | D:7      | Found a bloodstained altar of Trog.
  8440 | D:8      | Found an iron altar of Okawaru.
  8454 | D:8      | Noticed skk's ghost (novice TrBe)
  9132 | D:8      | Found a glowing golden altar of the Shining One.
  9168 | D:8      | Found an ancient bone altar of Kikubaaqudgha.
  9545 | D:8      | Found a faded altar of an unknown god.
  9545 | D:8      | Found a faded altar of an unknown god.
  9551 | D:8      | Found a snail-covered altar of Cheibriados.
  9553 | D:8      | Found a hazy altar of Hepliaklqana.
  9555 | D:8      | Found a faded altar of an unknown god.
  9630 | D:8      | Reached skill level 10 in Fighting
  9630 | D:8      | Reached skill level 10 in Axes
  9630 | D:8      | Reached skill level 10 in Armour
 10193 | D:9      | Reached XP level 10. HP: 89/93 MP: 9/9
 10295 | D:9      | Found a staircase to the Orcish Mines.
 10527 | D:9      | Found a snail-covered altar of Cheibriados.
 10561 | D:9      | Reached skill level 11 in Axes
 10666 | D:8      | Found a glowing silver altar of Zin.
 10673 | D:8      | Became a worshipper of Warmaster Okawaru
 10844 | D:10     | Entered Level 10 of the Dungeon
 11474 | D:10     | Reached * piety under Okawaru
 11682 | D:10     | Noticed a hill giant
 11694 | D:10     | Killed a hill giant
 11825 | D:10     | Reached skill level 12 in Axes
 12108 | D:10     | Reached ** piety under Okawaru
 12817 | D:11     | Noticed a green ugly thing
 12836 | D:11     | Killed a green ugly thing
 12836 | D:11     | Reached XP level 11. HP: 85/102 MP: 10/10
 13119 | D:12     | HP: 5/102 [poisoned by a killer bee]
 13125 | D:12     | Reached *** piety under Okawaru
 13484 | D:12     | Noticed a hill giant
 13495 | D:12     | Killed a hill giant
 13495 | D:12     | Reached skill level 13 in Axes
 14020 | D:12     | Reached **** piety under Okawaru
 14595 | D:12     | Found a roughly hewn altar of Beogh.
 15072 | D:12     | Reached skill level 14 in Axes
 15236 | D:11     | Reached ***** piety under Okawaru
 15368 | D:11     | Noticed a white ugly thing
 15380 | D:11     | Killed a white ugly thing
 15408 | D:11     | Noticed a brown ugly thing
 15421 | D:11     | Killed a brown ugly thing
 15421 | D:11     | Received a gift from Okawaru
 15598 | D:11     | Noticed a tengu warrior
 15613 | D:11     | Killed a tengu warrior
 15704 | D:11     | Received a gift from Okawaru
 15704 | D:11     | Reached XP level 12. HP: 78/113 MP: 11/11
 15910 | D:11     | Reached skill level 15 in Axes
 16278 | D:8      | Killed skk's ghost
 16819 | Orc:1    | Entered Level 1 of the Orcish Mines
 16819 | Orc:1    | Found Guiv's Goods Gallery.
 17767 | Orc:1    | Bought +0 gold dragon scales for 800 gold pieces
 18024 | Orc:2    | Entered Level 2 of the Orcish Mines
 18744 | Orc:2    | Found a staircase to the Elven Halls.
 18817 | Orc:2    | Paralysed by an orc sorcerer for 4 turns
 18825 | Orc:2    | Reached skill level 16 in Axes
 19108 | Orc:2    | Found Ijogobb's General Store.
 19108 | Orc:2    | Found Daijit's Antique Weapon Shoppe.
 19112 | Orc:2    | Found Gonajimm's Antique Armour Emporium.
 19112 | Orc:2    | Found Exil's Assorted Antiques.
 19141 | Orc:2    | Found a bloodstained altar of Trog.
 19164 | Orc:2    | Noticed an orc high priest
 19179 | Orc:2    | Killed an orc high priest
 19280 | Orc:2    | Received a gift from Okawaru
 19283 | Orc:2    | Got a bloodstained scale mail {god gift}
 19571 | Orc:2    | Bought a scroll of enchant weapon for 112 gold pieces
 19572 | Orc:2    | Bought a pair of jewelled gloves for 342 gold pieces
 19585 | Orc:2    | Identified the +1 pair of gloves of Quawaa {rElec rN++ rCorr} (You bought it in a shop on level 2 of the Orcish Mines)
 19586 | Orc:2    | Bought a runed hat for 360 gold pieces
 20643 | Temple   | Identified the +1 scale mail "Bilug" {Regen+} (Okawaru gifted it to you on level 2 of the Orcish Mines)
 20672 | Temple   | Identified a scroll of acquirement
 21086 | D:13     | Noticed a centaur warrior
 21088 | D:13     | Noticed a centaur warrior
 21313 | D:11     | Found a staircase to the Lair.
 21325 | D:11     | Reached XP level 13. HP: 114/123 MP: 12/12
 21376 | Lair:1   | Entered Level 1 of the Lair of Beasts
 22056 | Lair:1   | Reached skill level 17 in Axes
 23032 | Lair:3   | Found a hole to the Spider Nest.
 23478 | Lair:3   | Received a gift from Okawaru
 24006 | Lair:4   | Noticed Zorot's ghost (journeyman DsGl)
 24030 | Lair:4   | Killed Zorot's ghost
 24741 | Lair:4   | Found a staircase to the Swamp.
 24749 | Lair:4   | Reached skill level 18 in Axes
 25166 | Lair:5   | Found a viscous altar of Jiyva.
 25166 | Lair:5   | Found a staircase to the Slime Pits.
 26848 | D:13     | Reached XP level 14. HP: 112/133 MP: 13/13
 26873 | D:13     | Noticed Kirke
 26888 | D:13     | HP: 3/133 [harpy[Kirke] (10)]
 26894 | D:13     | Slain by a harpy

Skill      XL: |  1  2  3  4  5  6  7  8  9 10 11 12 13 |
---------------+----------------------------------------+-----
Armour         | 4 5 7 8 10 11 12 13 14 | 14.9
Fighting       | 4 5 6 8 10 11 12 13 14 | 14.9
Shields        | 4 |  4.6
Axes           | 3 4 5 6 8 10 12 14 16 18 | 18.6
Dodging        | |  0.9

Action                   |  1- 3 |  4- 6 |  7- 9 | 10-12 | 13-15 || total
-------------------------+-------+-------+-------+-------+-------++-------
Melee: War axe           |   151 |   209 |   506 |       |       ||   866
       Headbutt          |    13 |    27 |    90 |   191 |    50 ||   371
       Battleaxe         |       |       |    34 |   875 |   286 ||  1195
Invok: Heroism           |       |       |       |     3 |     3 ||     6
  Use: Potion            |       |     1 |     1 |    11 |     4 ||    17
       Scroll            |       |     6 |     2 |    25 |     1 ||    34
  Eat: Chunk             |     2 |     7 |    10 |    25 |    15 ||    59
       Bread ration      |       |       |     2 |     2 |       ||     4
       Beef jerky        |       |       |     2 |       |       ||     2
       Pizza             |       |       |       |     1 |     2 ||     3
       Royal jelly       |       |       |       |     1 |       ||     1
Armor: Scale mail        |    75 |   109 |   188 |       |       ||   372
       Plate armour      |       |       |    20 |   479 |       ||   499
       Gold dragon scale |       |       |       |   222 |   321 ||   543
Dodge: Dodged            |    50 |    77 |   163 |   350 |   134 ||   774
Block: Shield            |   101 |   104 |   239 |       |       ||   444
